 Dungeon Crawl Stone Soup version 0.29.1-2-gbd0b4ee654 (webtiles) character file.

Game seed: 1641745221546368409

107 KittyFluff the Cudgeller (level 4, -3/29 HPs)
             Began as a Gargoyle Berserker on Nov 1, 2022.
             Was a Believer of Trog.
             Slain by a gnoll
             ... wielding a +0 halberd
              (6 damage)
             ... on level 2 of the Dungeon.
             The game lasted 00:10:11 (2414 turns).

KittyFluff the Cudgeller (Gargoyle Berserker)       Turns: 2414, Time: 00:10:12

Health: -3/29      AC:  7    Str: 21    XL:     4   Next: 85%
Magic:  4/4        EV: 12    Int:  7    God:    Trog [**....]
Gold:   83         SH:  0    Dex: 11    Spells: 3/3 levels left

rFire   . . .      SeeInvis +   a - +0 mace
rCold   . . .      Faith    .   (no shield)
rNeg    + . .      Spirit   .   b - +0 animal skin
rPois   ∞          Reflect  .   (no helmet)
rElec   +          Harm     .   (no cloak)
rCorr   .          Rampage  .   e - +0 pair of gloves
Will    .....                   (no boots)
Stlth   +.........              (no amulet)
HPRegen 0.09/turn               o - ring of see invisible
MPRegen 0.09/turn               (no ring)

@: on berserk cooldown, slowed, very slow
A: sickness immunity, AC +3, negative energy resistance 1, electricity
resistance, torment resistance 1, petrification resistance
a: Renounce Religion, Berserk, Trog's Hand


You were on level 2 of the Dungeon.
You worshipped Trog.
Trog was pleased with you.
You visited 1 branch of the dungeon, and saw 2 of its levels.

You collected 83 gold pieces.

Inventory:

Hand Weapons
 a - a +0 mace (weapon)
Missiles
 f - 6 javelins (quivered)
 p - 4 silver javelins
Armour
 b - a +0 animal skin (worn)
 e - a +0 pair of gloves (worn)
 h - a +0 leather armour
 k - a +0 leather armour
Jewellery
 o - a ring of see invisible (left hand)
Scrolls
 c - 2 scrolls of noise {unknown}
 d - 2 scrolls of identify {unknown}
 g - a scroll of magic mapping {unknown}
 l - a scroll of enchant weapon {unknown}
Potions
 i - a potion of flight {unknown}
 j - 3 potions of curing {unknown}
 m - a potion of invisibility {unknown}
 n - a potion of might {unknown}


   Skills:
 + Level 3.8 Fighting
 + Level 4.2 Maces & Flails
 * Level 3.0 Armour
 + Level 2.1 Dodging
 + Level 0.5 Stealth


You had 3 spell levels left.
You didn't know any spells.
Your spell library was empty.

Dungeon Overview and Level Annotations

Branches:
Dungeon (2/15)

Altars:

Shops:
D:2 ((*(


Innate Abilities, Weirdness & Mutations

You are immune to sickness and miasma.
Your stone body is resilient. (AC +3)
You are immune to poison.
You resist negative energy. (rN+)
You are resistant to electric shocks. (rElec)
You are resistant to unholy torment.
You are immune to petrification.


Message History

a +0 flail; a gnoll corpse You thump the gnoll!
The gnoll is almost dead.
The gnoll barely misses you.
You sock the gnoll!
You kill the gnoll!
Trog accepts your kill.
The gnoll hits you from afar with a +0 halberd.
Your Armour skill increases to level 3!
You completely miss the gnoll.
The gnoll hits you from afar with a +0 halberd!
You thump the gnoll!
The gnoll is severely wounded.
The gnoll closely misses you. The gnoll hits you with a +0 flail.
The gnoll hits you from afar with a +0 halberd.
* * * LOW HITPOINT WARNING * * *
You sock the gnoll!
You kill the gnoll!
Trog accepts your kill. The gnoll misses you. The gnoll barely misses you.
You hit the gnoll.
The gnoll is heavily wounded.
The gnoll barely misses you.
You bludgeon the gnoll!!
You kill the gnoll!
Trog accepts your kill. The gnoll barely misses you.
The gnoll hits you but does no damage.
Things that are here:
a +0 flail; a gnoll corpse You completely miss the gnoll.
The gnoll closely misses you.
You closely miss the gnoll.
You are no longer berserk.
You are exhausted.
You feel yourself slow down.
You closely miss the gnoll. The gnoll completely misses you.
The gnoll hits you with a +0 halberd.
* * * LOW HITPOINT WARNING * * *
You hit the gnoll but do no damage. The gnoll hits you with a +0 halberd.
You die...

#[≈≈≈≈≈ ###..######### #.≈≈≈≈≈
#........)...### #..≈≈≈.
#.'########'...#
#.gg..###.#........#...#
#..g.##.#.'####'.#...#
#....#.#....#.#...#
####)#.#.##.#.#..##
#)#.#.##.#.#..##
##@#.#....#.#...#
##.g#.'####'.#...##
#...#........#....##
#####.#.'########'†##...
#..................####.
#......####.............
########......# #......≈≈≈....
#......†......# #.....~~~≈≈...
#.######......####.......∩≈≈...


You could see a gnoll.

Vanquished Creatures
  5 gnolls (D:2)
  An adder (D:2)
  2 dart slugs
  4 orcs (D:2)
  6 ball pythons
  2 endoplasms (D:1)
  5 goblins
  4 hobgoblins
  3 kobolds
  5 bats
  2 frilled lizards (D:1)
  4 rats
43 creatures vanquished.

Notes
Turn   | Place    | Note
-------+----------+-------------------------------------------
     0 | D:1      | KittyFluff the Gargoyle Berserker began the quest for the
                  | Orb.
     0 | D:1      | Reached XP level 1. HP: 14/14 MP: 1/1
   226 | D:1      | Reached XP level 2. HP: 12/19 MP: 2/2
  1230 | D:1      | Reached XP level 3. HP: 21/24 MP: 3/3
  1500 | D:2      | Found Beblub's Weapon Shoppe.
  1538 | D:2      | Reached ** piety under Trog
  1848 | D:2      | Found Uggiucs's Weapon Emporium.
  1978 | D:2      | Found Siapavaz's General Store.
  2064 | D:2      | Found Lyjas's Antique Weapon Emporium.
  2202 | D:2      | Reached XP level 4. HP: 14/29 MP: 4/4
  2402 | D:2      | Reached skill level 4 in Maces & Flails
  2414 | D:2      | Slain by a gnoll

Illustrated notes

Levels and vault maps discovered:
D:1:      lightli_arrival_noodles, layout_basic, hex_intersection
D:2:      layout_basic, serial_shops, nicolae_shop_waterfront, shop,
          nicolae_shop_bloodbath_and_beyond, shop, nicolae_lakefront_shop,
          serial_corexii_hall, corexii_hall_statues_s, corexii_hall_statues_x,
          minivault_11

Skill      XL: |  1  2  3  4 |
---------------+-------------+-----
Dodging        | 2 |  2.1
Maces & Flails | 4 |  4.2
Armour         | 3 |  3.0
Fighting       | |  3.8
Stealth        | |  0.5

Action                   |  1- 3 |  4- 6 || total
-------------------------+-------+-------++-------
Melee: Mace              |   128 |    14 ||   142
       Punch             |     1 |       ||     1
Invok: Berserk           |     1 |     1 ||     2
Armor: Animal skin       |    47 |     2 ||    49
Dodge: Dodged            |   106 |    11 ||   117
